AoeStats
← danjo

Black Forest

505838203Analyzed
1v1 RM · 22d ago on Sep 11, 2026· 24m 21s· 2 players
Game mode
Random Map
Map size
Tiny (2 player)
Population
200
Speed
Normal
Resources
Standard
Victory
Conquest
Starting age
Dark Age
Ending age
Imperial Age
RankedLock teamsTeams togetherTeam positionsShared explorationLock speedFull tech treeHidden civsTurbo modeCheats
Victory
Defeat
🇩🇪 Malians · Germany
1060
+15
🇮🇳 Turks · India
1029
-15
Owen Knight
2:47 Loom
12:29 Feudal Age
20:16 Castle Age
18:33 Double-Bit Axe
danjo
1:04 Loom
11:47 Feudal Age
12:20 Loom
16:38 Castle Age
14:50 Stone Mining
16:44 Fletching
17:00 Scale Mail Armor
Connection lost

Rejoining the realm…

Still unreachable

The connection could not be restored.

Session expired

The server has moved on; the page needs a fresh start.